TOP OF THE 1ST |
Stanford University Cardinal batting - Pitching for University of Toronto Marlies : RHP Jay Hagan
|
Pitching: RHP Jay Hagan
|
|
Batting: RHB John Van der Linden
|
0-0: Ball 1-0: Ball 2-0: Ball 3-0: Called Strike 3-1: Base on Balls
|
Batting: RHB Joe Gabriel
|
0-0: Grounds into double play, 6-4-3 (Groundball, 6, EV 96.9 MPH)
|
Batting: LHB Donny Kleinjan
|
0-0: SINGLE (Groundball, 4MD, EV 111.2 MPH)
|
Batting: RHB Joe Petley
|
0-0: Ball 1-0: Swinging Strike 1-1: Ball 2-1: Ball 3-1: Foul Ball, location: 2F 3-2: Strikes out swinging
|
Top of the 1st over - 0 runs, 1 hit, 0 errors, 1 left on base; Stanford University 0 - University of Toronto 0 |
BOTTOM OF THE 1ST |
University of Toronto Marlies batting - Pitching for Stanford University Cardinal : RHP Jesus Hernandez
|
Pitching: RHP Jesus Hernandez
|
|
Batting: LHB Efrem Isaev
|
0-0: Ball 1-0: Ball 2-0: Ball 3-0: Base on Balls
|
Batting: RHB Logan Johnson
|
0-0: Ball 1-0: Swinging Strike 1-1: Ball 2-1: Foul Ball, location: 2F 2-2: Strikes out looking
|
Batting: SHB Jack Tierney
|
0-0: Ball Efrem Isaev is caught stealing 2nd base 2-6 1-0: Ball 2-0: Ball 3-0: Base on Balls
|
Batting: RHB Akichika Yamano
|
0-0: Foul Ball, location: 2F 0-1: Foul Ball, location: 2F 0-2: Ball 1-2: Ball 2-2: Foul Ball, location: 2F 2-2: Foul Ball, location: 2F 2-2: Foul Ball, location: 2F 2-2: 2-RUN HOME RUN (Flyball, 7D, EV 100.0 MPH), Distance : 369 ft
|
Batting: SHB Shannon Britten
|
0-0: Ball 1-0: Fly out, F7 (Flyball, 78S, EV 80.0 MPH)
|
Bottom of the 1st over - 2 runs, 1 hit, 0 errors, 0 left on base; Stanford University 0 - University of Toronto 2 |
TOP OF THE 2ND |
Stanford University Cardinal batting - Pitching for University of Toronto Marlies : RHP Jay Hagan
|
Batting: LHB Chien Sam
|
0-0: Foul Ball, location: 2F 0-1: Foul Ball, location: 2F 0-2: Foul Ball, location: 2F 0-2: Fly out, F3 (Line Drive, 3, EV 68.8 MPH)
|
Batting: LHB Bryan Davidson
|
0-0: Foul Ball, location: 2F 0-1: Ball 1-1: Called Strike 1-2: Ball 2-2: Foul Ball, location: 2F 2-2: Foul Ball, location: 2F 2-2: Ball 3-2: Fly out, F9 (Flyball, 9, EV 94.4 MPH)
|
Batting: LHB Caleb Hartwell
|
0-0: Foul Ball, location: 2F 0-1: DOUBLE (Line Drive, 5D, EV 106.9 MPH)
|
Batting: RHB Dzevat Koljevic
|
0-0: Fly out, F8 (Flyball, 89S, EV 80.6 MPH)
|
Top of the 2nd over - 0 runs, 1 hit, 0 errors, 1 left on base; Stanford University 0 - University of Toronto 2 |
BOTTOM OF THE 2ND |
University of Toronto Marlies batting - Pitching for Stanford University Cardinal : RHP Jesus Hernandez
|
Batting: RHB Elmar Adenauer
|
0-0: Foul Ball, location: 2F 0-1: Ball 1-1: Foul Ball, location: 2F 1-2: SINGLE (Groundball, 6MD, EV 95.0 MPH)
|
Batting: RHB Jeff McClellan
|
0-0: SINGLE (Line Drive, 89S, EV 105.0 MPH) Elmar Adenauer to second
|
Batting: SHB Jose Melendez
|
0-0: DOUBLE (Groundball, 3L, EV 102.5 MPH) Elmar Adenauer scores Jeff McClellan to third
|
Batting: RHB Charlie Townend
|
0-0: Ball 1-0: Ball 2-0: Foul Ball, location: 2RF, Error on foul ball, E2 2-1: Foul Ball, location: 2F 2-2: Ground out 6-3 (Groundball, 6, EV 76.2 MPH) Jeff McClellan scores Jose Melendez to third
|
Batting: LHB Efrem Isaev
|
0-0: 2-RUN HOME RUN (Flyball, 78XD, EV 98.1 MPH), Distance : 404 ft
|
Batting: RHB Logan Johnson
|
0-0: Fly out, F7 (Flyball, 7, EV 86.2 MPH)
|
Batting: SHB Jack Tierney
|
0-0: Called Strike 0-1: Fly out, F7 (Flyball, 78S, EV 86.9 MPH)
|
Bottom of the 2nd over - 4 runs, 4 hits, 1 error, 0 left on base; Stanford University 0 - University of Toronto 6 |
TOP OF THE 3RD |
Stanford University Cardinal batting - Pitching for University of Toronto Marlies : RHP Jay Hagan
|
Batting: RHB Ted Hickey
|
0-0: Ball 1-0: Ball 2-0: Ball 3-0: Base on Balls
|
Batting: RHB John Van der Linden
|
0-0: Fly out, F7 (Line Drive, 78D, EV 91.2 MPH)
|
Batting: RHB Joe Gabriel
|
0-0: Called Strike 0-1: Grounds into double play, 6-4-3 (Groundball, 6, EV 79.4 MPH)
|
Top of the 3rd over - 0 runs, 0 hits, 0 errors, 0 left on base; Stanford University 0 - University of Toronto 6 |
BOTTOM OF THE 3RD |
University of Toronto Marlies batting - Pitching for Stanford University Cardinal : RHP Jesus Hernandez
|
Batting: RHB Akichika Yamano
|
0-0: Ball 1-0: Ball 2-0: Swinging Strike 2-1: Ball 3-1: Base on Balls
|
Pitching: RHP John Hollinger
|
|
Batting: SHB Shannon Britten
|
0-0: Swinging Strike 0-1: Called Strike 0-2: Foul Ball, location: 2F 0-2: Ball 1-2: Foul Ball, location: 2F 1-2: Foul Ball, location: 2F 1-2: Ball 2-2: Fly out, F9 (Flyball, 9S, EV 92.5 MPH)
|
Batting: RHB Elmar Adenauer
|
0-0: Ball Akichika Yamano steals 2nd base (no throw) 1-0: Called Strike 1-1: Called Strike 1-2: Ball 2-2: Strikes out swinging
|
Batting: RHB Jeff McClellan
|
0-0: Foul Ball, location: 2F 0-1: 2-RUN HOME RUN (Flyball, 7D, EV 99.4 MPH), Distance : 370 ft
|
Batting: SHB Jose Melendez
|
0-0: Called Strike 0-1: Called Strike 0-2: Ball 1-2: Ball 2-2: Fly out, F6 (Line Drive, 6M, EV 66.9 MPH)
|
Bottom of the 3rd over - 2 runs, 1 hit, 0 errors, 0 left on base; Stanford University 0 - University of Toronto 8 |
TOP OF THE 4TH |
Stanford University Cardinal batting - Pitching for University of Toronto Marlies : RHP Jay Hagan
|
Batting: LHB Donny Kleinjan
|
0-0: Ball 1-0: Ball 2-0: Called Strike 2-1: SOLO HOME RUN (Flyball, 9D, EV 98.1 MPH), Distance : 362 ft
|
Batting: RHB Joe Petley
|
0-0: Ball 1-0: Foul Ball, location: 2F 1-1: Foul Ball, location: 2F 1-2: Foul Ball, location: 2F 1-2: Strikes out swinging
|
Batting: LHB Chien Sam
|
0-0: Ball 1-0: Fly out, F8 (Flyball, 8LXD, EV 94.4 MPH)
|
Batting: LHB Bryan Davidson
|
0-0: Called Strike 0-1: Swinging Strike 0-2: Fly out, F7 (Flyball, 7, EV 87.5 MPH)
|
Top of the 4th over - 1 run, 1 hit, 0 errors, 0 left on base; Stanford University 1 - University of Toronto 8 |
BOTTOM OF THE 4TH |
University of Toronto Marlies batting - Pitching for Stanford University Cardinal : RHP John Hollinger
|
Batting: RHB Charlie Townend
|
0-0: Ball 1-0: Fly out, F8 (Flyball, 8RXD, EV 95.6 MPH)
|
Batting: LHB Efrem Isaev
|
0-0: Ball 1-0: Swinging Strike 1-1: Called Strike 1-2: Ball 2-2: Strikes out swinging
|
Batting: RHB Logan Johnson
|
0-0: Ball 1-0: Ball 2-0: Called Strike 2-1: Foul Ball, location: 2F 2-2: Ground out 6-3 (Groundball, 6, EV 81.9 MPH)
|
Bottom of the 4th over - 0 runs, 0 hits, 0 errors, 0 left on base; Stanford University 1 - University of Toronto 8 |
TOP OF THE 5TH |
Stanford University Cardinal batting - Pitching for University of Toronto Marlies : RHP Jay Hagan
|
Batting: LHB Caleb Hartwell
|
0-0: Called Strike 0-1: Swinging Strike 0-2: Ground out 4-3 (Groundball, 4, EV 84.4 MPH)
|
Batting: RHB Dzevat Koljevic
|
0-0: Ball 1-0: Ground out 6-3 (Groundball, 6, EV 76.2 MPH)
|
Batting: RHB Ted Hickey
|
0-0: Ground out 5-3 (Groundball, 56, EV 100.0 MPH)
|
Top of the 5th over - 0 runs, 0 hits, 0 errors, 0 left on base; Stanford University 1 - University of Toronto 8 |
BOTTOM OF THE 5TH |
University of Toronto Marlies batting - Pitching for Stanford University Cardinal : RHP John Hollinger
|
Batting: SHB Jack Tierney
|
0-0: Ball 1-0: Ball 2-0: Foul Ball, location: 2F 2-1: Ball 3-1: Base on Balls
|
Pitching: RHP Eddie Georges
|
|
Batting: RHB Akichika Yamano
|
0-0: Foul Ball, location: 2F 0-1: Swinging Strike 0-2: Ball 1-2: Ball 2-2: Ball 3-2: Foul Ball, location: 2F 3-2: Foul Ball, location: 2F 3-2: Base on Balls Jack Tierney to second
|
Batting: SHB Shannon Britten
|
0-0: Ball 1-0: Foul Ball, location: 2F 1-1: Foul Ball, location: 2F 1-2: Ball 2-2: SINGLE (Flyball, 6D, EV 95.0 MPH) Jack Tierney to third Akichika Yamano to second
|
Batting: RHB Elmar Adenauer
|
0-0: Foul Ball, location: 2F 0-1: Foul Ball, location: 2F 0-2: Fly out, F7 (Flyball, 7D, EV 103.1 MPH) Runner from 3rd tags up, SCORES, no throw by LF Akichika Yamano to third
|
Batting: RHB Jeff McClellan
|
0-0: Ball 1-0: Foul Ball, location: 2F 1-1: Ball 2-1: Swinging Strike 2-2: Foul Ball, location: 2F 2-2: Foul Ball, location: 2F 2-2: Foul Ball, location: 2F 2-2: Grounds into double play, 6-4-3 (Groundball, 6, EV 109.4 MPH)
|
Bottom of the 5th over - 1 run, 1 hit, 0 errors, 1 left on base; Stanford University 1 - University of Toronto 9 |
TOP OF THE 6TH |
Stanford University Cardinal batting - Pitching for University of Toronto Marlies : RHP Jay Hagan
|
Batting: RHB John Van der Linden
|
0-0: Ball 1-0: Swinging Strike 1-1: Ball 2-1: Fly out, F7 (Flyball, 7, EV 85.6 MPH)
|
Batting: RHB Joe Gabriel
|
0-0: Ball 1-0: Foul Ball, location: 2F 1-1: Ball 2-1: Ball 3-1: SINGLE (Line Drive, 56, EV 96.2 MPH)
|
Batting: LHB Donny Kleinjan
|
0-0: Ball 1-0: Ball 2-0: SINGLE (Groundball, 6MD, EV 103.1 MPH) Joe Gabriel to second
|
Batting: RHB Joe Petley
|
0-0: Ball 1-0: Hit by Pitch Joe Gabriel to third Donny Kleinjan to second
|
Batting: LHB Chien Sam
|
0-0: Called Strike 0-1: Fly out, F8 (Flyball, 8RXD, EV 98.8 MPH) Runner from 3rd tags up, SCORES, no throw by CF
|
Batting: LHB Bryan Davidson
|
0-0: Called Strike 0-1: Foul Ball, location: 2F 0-2: DOUBLE (Line Drive, 78M, EV 99.4 MPH) Donny Kleinjan scores Joe Petley to third Runner from 3rd tries for Home, SAFE, throw by LF to home
|
Batting: LHB Caleb Hartwell
|
0-0: Fly out, F8 (Flyball, 8LD, EV 103.8 MPH)
|
Top of the 6th over - 3 runs, 3 hits, 0 errors, 1 left on base; Stanford University 4 - University of Toronto 9 |
BOTTOM OF THE 6TH |
University of Toronto Marlies batting - Pitching for Stanford University Cardinal : RHP Eddie Georges
|
Pitching: LHP Joe Alverson
|
|
Batting: SHB Jose Melendez
|
0-0: Ball 1-0: Ball 2-0: Ground out 6-3 (Groundball, 6, EV 85.0 MPH)
|
Batting: RHB Charlie Townend
|
0-0: Ball 1-0: Ball 2-0: Ball 3-0: Base on Balls
|
Batting: LHB Efrem Isaev
|
0-0: Ball 1-0: Called Strike 1-1: Called Strike 1-2: Ball 2-2: Foul Ball, location: 2F 2-2: Fly out, F7 (Flyball, 7D, EV 102.5 MPH)
|
Batting: RHB Logan Johnson
|
0-0: Swinging Strike 0-1: SINGLE (Groundball, 56D, EV 94.4 MPH) Charlie Townend to second Runner from 2nd tries for 3rd, SAFE, throw by LF made to third
|
Pinch Runner at 3rd Luke Stannard:
|
|
Batting: SHB Jack Tierney
|
0-0: Called Strike 0-1: Foul Ball, location: 2F 0-2: Foul Ball, location: 2F 0-2: Ball 1-2: Ball 2-2: Ball 3-2: Fly out, F6 (Flyball, 56D, EV 89.4 MPH)
|
Bottom of the 6th over - 0 runs, 1 hit, 0 errors, 2 left on base; Stanford University 4 - University of Toronto 9 |
TOP OF THE 7TH |
Stanford University Cardinal batting - Pitching for University of Toronto Marlies : RHP Jay Hagan
|
Now at 2B: Luke Stannard
|
|
Batting: RHB Dzevat Koljevic
|
0-0: Ball 1-0: Ball 2-0: Fly out, F7 (Flyball, 7, EV 89.4 MPH)
|
Batting: RHB Ted Hickey
|
0-0: Swinging Strike 0-1: Ball 1-1: Ball 2-1: SINGLE (Line Drive, 8LS, EV 98.8 MPH)
|
Pitching: RHP Gui Xú
|
|
Batting: RHB John Van der Linden
|
0-0: Called Strike 0-1: Ball 1-1: Grounds into double play, 4-6-3 (Groundball, 34, EV 85.0 MPH)
|
Top of the 7th over - 0 runs, 1 hit, 0 errors, 0 left on base; Stanford University 4 - University of Toronto 9 |
BOTTOM OF THE 7TH |
University of Toronto Marlies batting - Pitching for Stanford University Cardinal : LHP Joe Alverson
|
Batting: RHB Akichika Yamano
|
0-0: Fly out, F8 (Flyball, 8RD, EV 107.5 MPH)
|
Batting: SHB Shannon Britten
|
0-0: Ball 1-0: Foul Ball, location: 2F 1-1: SINGLE (Flyball, 34D, EV 94.4 MPH)
|
Pitching: LHP Marco Mendez
|
|
Batting: RHB Elmar Adenauer
|
0-0: Ball 1-0: Ball 2-0: Foul Ball, location: 2F 2-1: Ball 3-1: Foul Ball, location: 2F 3-2: Fly out, F7 (Flyball, 7S, EV 86.2 MPH)
|
Batting: RHB Jeff McClellan
|
0-0: Foul Ball, location: 2F 0-1: DOUBLE (Line Drive, 8RD, EV 105.0 MPH) Shannon Britten to third Runner from 3rd tries for Home, SAFE, throw by CF to trailing runner, SAFE at third!
|
Batting: SHB Jose Melendez
|
0-0: Ball 1-0: Ball Wild Pitch! Jeff McClellan scores 2-0: Ball 3-0: Called Strike 3-1: Base on Balls
|
Batting: RHB Luke Stannard
|
0-0: Called Strike Jose Melendez steals 2nd base 0-1: Ball 1-1: Foul Ball, location: 2F 1-2: Ball Wild Pitch! Jose Melendez to third 2-2: Strikes out swinging
|
Bottom of the 7th over - 2 runs, 2 hits, 0 errors, 1 left on base; Stanford University 4 - University of Toronto 11 |
TOP OF THE 8TH |
Stanford University Cardinal batting - Pitching for University of Toronto Marlies : RHP Gui Xú
|
Batting: RHB Joe Gabriel
|
0-0: Called Strike 0-1: Ball 1-1: Fly out, F8 (Line Drive, 8RD, EV 85.0 MPH)
|
Batting: LHB Donny Kleinjan
|
0-0: Called Strike 0-1: Ball 1-1: Fly out, F9 (Flyball, 9S, EV 88.8 MPH)
|
Pinch Hitting: LHB Andy Swan
|
0-0: Foul Ball, location: 2F 0-1: Foul Ball, location: 2F 0-2: Foul Ball, location: 2F 0-2: Ball 1-2: Strikes out swinging
|
Top of the 8th over - 0 runs, 0 hits, 0 errors, 0 left on base; Stanford University 4 - University of Toronto 11 |
BOTTOM OF THE 8TH |
University of Toronto Marlies batting - Pitching for Stanford University Cardinal : LHP Marco Mendez
|
Now at 3B: Dzevat Koljevic
|
|
Now in RF: Josh Benefield
|
|
Batting: LHB Efrem Isaev
|
0-0: Foul Ball, location: 2F 0-1: Ground out 4-3 (Groundball, 4MD, EV 94.4 MPH)
|
Batting: RHB Logan Johnson
|
0-0: Ball 1-0: Called Strike 1-1: Swinging Strike 1-2: Strikes out swinging
|
Batting: SHB Jack Tierney
|
0-0: Called Strike 0-1: Foul Ball, location: 2F 0-2: Ball 1-2: Ball 2-2: Ball 3-2: Foul Ball, location: 2F 3-2: Fly out, F9 (Flyball, 9D, EV 98.8 MPH)
|
Bottom of the 8th over - 0 runs, 0 hits, 0 errors, 0 left on base; Stanford University 4 - University of Toronto 11 |
TOP OF THE 9TH |
Stanford University Cardinal batting - Pitching for University of Toronto Marlies : RHP Gui Xú
|
Batting: LHB Chien Sam
|
0-0: Foul Ball, location: 2F 0-1: Ball 1-1: Ball 2-1: Ground out 4-3 (Groundball, 4, EV 85.6 MPH)
|
Batting: LHB Bryan Davidson
|
0-0: Ball 1-0: Foul Ball, location: 2F 1-1: Fly out, F9 (Flyball, 9, EV 91.2 MPH)
|
Pinch Hitting: RHB Gary Preston
|
0-0: Called Strike 0-1: Ball 1-1: SOLO HOME RUN (Flyball, 7D, EV 96.9 MPH), Distance : 365 ft
|
Pinch Hitting: RHB Carlton Hookway
|
0-0: Ground out 6-3 (Groundball, 6, EV 96.9 MPH)
|
Top of the 9th over - 1 run, 1 hit, 0 errors, 0 left on base; Stanford University 5 - University of Toronto 11 |
|